 Dungeon Crawl Stone Soup version 0.29-a0-284-gf9362112df (webtiles) character file.

Game seed: 8272882680666283206

4117 enile the Fighter (level 10, -4/72 HPs)
             Began as an Octopode Wanderer on Mar 20, 2022.
             Was a Priest of Dithmenos.
             Slain by a slime creature (12 damage)
             ... on level 8 of the Dungeon.
             The game lasted 00:14:23 (7964 turns).

enile the Fighter (Octopode Wanderer)               Turns: 7964, Time: 00:14:24

Health: -4/72      AC:  1    Str: 17 (19) XL:     10   Next: 26%
Magic:  0/15       EV: 18    Int:  7 (10) God:    Dithmenos [***...]
Gold:   186        SH:  0    Dex: 10 (13) Spells: 9/9 levels left

rFire   . . .      SeeInvis .   a - +2 spear (venom)
rCold   . . .      Faith    .   (no shield)
rNeg    . . .      Spirit   +   (helmet restricted)
rPois   .          Reflect  .   d - amulet of guardian spirit
rElec   .          Harm     .   j - +4 ring of evasion
rCorr   .          Rampage  .   (no ring)
Will    .....                   (no ring)
Stlth   ++++......              (no ring)
HPRegen 0.22/turn               (no ring)
MPRegen 0.14/turn               (no ring)
                                (no ring)
                                (no ring)

@: lethally poisoned (-4 -> -7), about to teleport, wreathed by umbra
A: almost no armour, amphibious, 8 rings, camouflage 1, gelatinous body 1,
(nimble swimmer 1), tentacles
a: Renounce Religion, Shadow Step


You were on level 8 of the Dungeon.
You worshipped Dithmenos.
Dithmenos was most pleased with you.
You visited 1 branch of the dungeon, and saw 8 of its levels.

You collected 300 gold pieces.
You spent 114 gold pieces at shops.

Inventory:

Hand Weapons
 a - a +2 spear of venom (weapon)
 b - a +2 shortbow of freezing
 k - a +0 mace
 v - a +2 dagger of venom
 w - a +0 scimitar
 x - a +3 dire flail of holy wrath
 y - a +1 trident
 C - a +4 hand axe
Missiles
 n - 3 atropa-tipped darts
Jewellery
 d - an amulet of guardian spirit (around mantle)
 j - a +4 ring of evasion (left tentacle)
Wands
 s - a wand of flame (39) (quivered)
Scrolls
 f - a scroll of blinking {unknown}
 g - a scroll of noise {unknown}
 i - 3 scrolls of amnesia
 m - a scroll of fog
 o - a scroll of enchant armour
 p - a scroll of torment
 r - a scroll of immolation
 z - a scroll of silence
 A - a scroll of teleportation
 B - 2 scrolls of magic mapping
Potions
 c - a potion of brilliance
 e - a potion of heal wounds
 h - 2 potions of curing
 l - a potion of flight {unknown}
 q - 3 potions of cancellation {unknown}
 t - 2 potions of magic {unknown}
 u - 2 potions of might {unknown}
 D - a potion of berserk rage {unknown}


   Skills:
 - Level 8.0 Fighting
 - Level 2.0 Maces & Flails
 - Level 3.0 Polearms
 - Level 4.0 Bows
 - Level 2.0 Throwing
 - Level 6.0 Dodging
 - Level 3.0 Stealth
 - Level 7.0 Invocations
 + Level 7.8 Evocations


You had 9 spell levels left.
You didn't know any spells.
Your spell library contained the following spells:

 Spells                   Type           Power      Damage    Failure   Level
 Animate Skeleton         Necr           0%         N/A       43%         1
 Apportation              Tloc           0%         N/A       43%         1
 Summon Small Mammal      Summ           0%         N/A       43%         1
 Sublimation of Blood     Necr           0%         N/A       56%         2
 Wereblood                Tmut           0%         N/A       56%         2
 Summon Hydra             Summ           0%         N/A       100%        7


Dungeon Overview and Level Annotations

Branches:
Dungeon (8/15)             Temple (0/1) D:7
   Lair: D:8-11

Altars:
Cheibriados
Dithmenos
Gozag
Kikubaaqudgha
Qazlal
Ru
Yredelemnul
Zin

Shops:
D:7 (=*:*

Annotations:
D:4 2 runed translucent doors, Psyclone's ghost, amateur OpVM


Innate Abilities, Weirdness & Mutations

You cannot wear most types of armour.
You are amphibious.
You can wear up to eight rings at the same time.
Your skin changes colour to match your surroundings (Stealth+).
Your rubbery body absorbs attacks. (AC +1, EV +1)
((You are camouflaged when in or above water. (Stealth+)))
You have tentacles for arms and can constrict up to eight enemies at once.


Message History

* * * LOW HITPOINT WARNING * * *
The kobold misses you.
Okay, then.
It was a potion of curing.
You feel better.
Your surroundings suddenly seem different.
A kobold brigand comes into view.
It is wielding a +1 dagger of electrocution and quivering poisoned darts.
Found a chain mail.
You start resting.
A cane toad comes into view.
A cane toad is nearby!
A cane toad is nearby!
A wight comes into view. It is wielding a +0 falchion.
The centaur shouts!
You hear a shout!
The centaur unwields a +0 shortbow.
The centaur misses you. The centaur completely misses you.
You hit the centaur.
The centaur is poisoned.
The centaur is moderately wounded.
The centaur hits you but does no damage.
The centaur misses you. The centaur closely misses you. x2
A slime creature comes into view.
The slime creature quivers.
You puncture the centaur!
The centaur looks as sick as possible!
The centaur is heavily wounded.
The centaur misses you. The centaur closely misses you.
The kobold brigand throws a poisoned dart.
The poisoned dart hits you!
You are poisoned.
Okay, then.
As you read the scroll of teleportation, it crumbles to dust.
You feel strangely unstable.
You feel sick. The centaur hits you. The centaur barely misses you.
The centaur misses you. x2
You feel sick.
The centaur wields a +0 shortbow.
The centaur shoots an arrow.
The arrow closely misses you.
The arrow completely misses the slime creature.
The slime creature hits you!
* * * LOW HITPOINT WARNING * * *
You feel sick.
The centaur shoots an arrow.
The arrow hits you.
* * * LOW HITPOINT WARNING * * *
The slime creature hits you!
You die...

# ## # #.#
#. ##.##.
#..
#.##......
#. #@J# #..
##..# #.
#.### #
#zc#..## ..
#.##.##.##
### #. #.
#..## #.
.#..##.# #
..#.. #.##
.##.##..#.#
#


You could see a slime creature and a centaur (very poisoned).

Vanquished Creatures
  A cyclops (D:7)
  A wyvern (D:8)
  A basilisk (D:8)
  Edmund (D:4)
  4 water moccasins
  2 orc warriors
  2 sky beasts (D:7)
  A black bear (D:6)
  3 ice beasts (D:7)
  A centaur (D:5)
  2 ogres
  A phantom (D:6)
  2 bullfrogs
  3 necrophages
  2 scorpions (D:5)
  9 killer bees
  A howler monkey (D:6)
  A gnoll shaman (D:7)
  2 jellies (D:5)
  4 orc priests
  7 hounds
  3 orc wizards
  Natasha (thrice) (D:2)
  7 iguanas
  5 gnolls (D:7)
  9 adders
  A shadow imp (D:7)
  2 white imps
  An ufetubus (D:4)
  2 worms
  4 dart slugs
  30 orcs
  6 bats
  2 endoplasms (D:1)
  3 giant cockroaches
  6 goblins
  8 hobgoblins
  5 quokkas
  2 ball pythons
  3 frilled lizards
  7 kobolds
  6 rats
166 creatures vanquished.

Vanquished Creatures (others)
  12 fungi (D:6)
12 creatures vanquished.

Grand Total: 178 creatures vanquished

Notes
Turn   | Place    | Note
-------+----------+-------------------------------------------
     0 | D:1      | enile the Octopode Wanderer began the quest for the Orb.
     0 | D:1      | enile set off with the following items: a +1 trident, a +0
                  | mace, a potion of brilliance
     0 | D:1      | Reached XP level 1. HP: 14/14 MP: 1/1
    49 | D:1      | Found a faded altar of an unknown god.
    63 | D:1      | Reached XP level 2. HP: 17/20 MP: 2/2
    71 | D:1      | Prayed at the altar of an unknown god.
    71 | D:1      | Became a worshipper of Dithmenos the Shadowed
    71 | D:1      | Reached * piety under Dithmenos
   138 | D:1      | Reached skill level 3 in Fighting
   361 | D:1      | Reached XP level 3. HP: 22/26 MP: 3/3
   702 | D:1      | Reached ** piety under Dithmenos
  1315 | D:2      | Noticed Natasha
  1323 | D:2      | Killed Natasha
  1324 | D:2      | Reached XP level 4. HP: 31/31 MP: 4/4
  1759 | D:2      | Noticed Natasha
  1767 | D:2      | Killed Natasha
  1768 | D:2      | Reached skill level 4 in Fighting
  1949 | D:2      | Noticed Natasha
  1958 | D:2      | Killed Natasha
  2089 | D:3      | Reached XP level 5. HP: 37/37 MP: 5/5
  2566 | D:4      | Noticed Edmund
  2588 | D:4      | Killed Edmund
  2589 | D:4      | Reached skill level 1 in Invocations
  2589 | D:4      | Reached XP level 6. HP: 29/43 MP: 4/6
  3105 | D:4      | Reached skill level 1 in Evocations
  3167 | D:4      | Reached XP level 7. HP: 41/48 MP: 5/9
  3261 | D:4      | Found an opulent altar of Gozag.
  3271 | D:4      | Found an ancient bone altar of Kikubaaqudgha.
  3273 | D:4      | Found a glowing silver altar of Zin.
  3274 | D:4      | Found a basalt altar of Yredelemnul.
  3277 | D:4      | Found a sacrificial altar of Ru.
  3278 | D:4      | Found a stormy altar of Qazlal.
  3435 | D:4      | Found a large runed translucent door.
  3435 | D:4      | Found a large runed translucent door.
  3437 | D:4      | Noticed Psyclone's ghost (amateur OpVM)
  3865 | D:5      | Entered Level 5 of the Dungeon
  4114 | D:5      | Reached *** piety under Dithmenos
  4196 | D:5      | Reached skill level 5 in Evocations
  4396 | D:5      | Reached XP level 8. HP: 54/54 MP: 10/10
  4538 | D:5      | Reached skill level 5 in Fighting
  4937 | D:6      | Reached skill level 6 in Fighting
  5145 | D:6      | Reached skill level 5 in Invocations
  5368 | D:6      | Reached skill level 5 in Dodging
  5537 | D:6      | Reached XP level 9. HP: 62/62 MP: 12/12
  5630 | D:6      | Found a shadowy altar of Dithmenos.
  5708 | D:7      | Found a staircase to the Ecumenical Temple.
  5986 | D:7      | Found Beafuubyta's Jewellery Shop.
  6041 | D:7      | Reached skill level 7 in Fighting
  6083 | D:7      | Found Cauloh's Weapon Emporium.
  6129 | D:7      | Reached **** piety under Dithmenos
  6135 | D:7      | Found Hyassatt's Assorted Antiques.
  6142 | D:7      | Bought a scroll of identify for 44 gold pieces
  6503 | D:7      | Found Xethram's General Store.
  6511 | D:7      | Bought a potion of heal wounds for 70 gold pieces
  6524 | D:7      | Found Yklaupuj's Book Shop.
  6731 | D:7      | Reached skill level 1 in Bows
  6943 | D:8      | Noticed a cyclops
  6943 | D:8      | Noticed a purple ugly thing
  6977 | D:7      | Killed a cyclops
  6978 | D:7      | Reached skill level 8 in Fighting
  6978 | D:7      | Reached XP level 10. HP: 41/72 MP: 2/14
  7129 | D:8      | Found a snail-covered altar of Cheibriados.
  7753 | D:8      | Identified the +9 arbalest "Spiderbane" {elec, rF+++ Int-5
                  | Dex-4 SInv}
  7762 | D:8      | Noticed a gargoyle
  7957 | D:8      | Noticed a cane toad
  7964 | D:8      | Slain by a slime creature

Illustrated notes

Levels and vault maps discovered:
D:1:      denvon_arrival_hothouse, layout_loops_ring,
          chequers_ecumenical_altar_twisty, chequers_serial_rivers_large_a
D:2:      layout_basic, serial_co_window_serial, co_window_of_opportunity_a,
          co_window_corner_a, co_window_corner_a, co_window_paths_a,
          co_window_paths_a, co_window_of_opportunity_c, co_window_2corner,
          co_window_unsneaky_path_d, co_window_unsneaky_path_e,
          co_window_broadway_c, co_window_broadway_a, co_window_4corner_b,
          glass_columns_b, glass_columns_a, uniq_natasha
D:3:      layout_rooms
D:4:      layout_loops_corners, minitemple, ebering_ghost_disaster_area,
          hangedman_decor_slide_cut, minmay_hedge_maze, uniq_edmund
D:5:      layout_loops_corners, minmay_misc_feat_hallway, minmay_crossroads
D:6:      layout_basic, lemuel_doored_altar, serial_aquarium,
          aquarium_bridge_island_large [aquarium_subvault_large_4_pools,
          aquarium_subvault_bridge, aquarium_subvault_window,
          aquarium_subvault_bridge, aquarium_subvault_bridge],
          aquarium_window_3, aquarium_window_fake, aquarium_view_2d,
          aquarium_view_2e
D:7:      kennysheep_six_static_rooms, layout_rooms,
          minmay_temple_entry_stoned_glass, serial_shops,
          nicolae_shop_waterfront, shop, nicolae_square_shop,
          nicolae_shop_behind_doors, shop
D:8:      minmay_the_grid_octo_tiled_octocenter [minmay_the_grid_octo_teeth,
          minmay_the_grid_octo_thin_diamonds, minmay_the_grid_octo_fan_narrow,
          minmay_the_grid_octo_checkerflower,
          minmay_the_grid_octo_prize_square_snowflake,
          minmay_the_grid_square_5x5_mess, minmay_the_grid_square_5x5_longway,
          minmay_the_grid_square_5x5_tetrominoes,
          minmay_the_grid_square_5x5_intrusive_squares], layout_basic,
          mainiacjoe_overflow_brackets

Skill      XL: |  1  2  3  4  5  6  7  8  9 10 |
---------------+-------------------------------+-----
Fighting       | 3 4 6 8 |  8.0
Dodging        | 3 4 5 6 |  6.0
Stealth        | 3 |  3.0
Throwing       | 2 |  2.0
Invocations    | 1 3 5 6 7 |  7.0
Evocations     | 2 6 7 |  7.8
Bows           | 3 4 |  4.0
Maces & Flails | |  2.0
Polearms       | |  3.0

Action                   |  1- 3 |  4- 6 |  7- 9 | 10-12 || total
-------------------------+-------+-------+-------+-------++-------
Melee: Trident           |    58 |    28 |       |       ||    86
       Constrict         |    12 |    22 |    37 |    12 ||    83
       Tentacles         |     9 |    18 |    50 |    13 ||    90
       Dagger            |       |    26 |       |       ||    26
       Spear             |       |    51 |   217 |    46 ||   314
       Punch             |       |     1 |     5 |       ||     6
       Dire flail        |       |       |     5 |       ||     5
 Fire: Shortbow          |       |       |    51 |     8 ||    59
Throw: Dart              |       |     1 |       |       ||     1
Invok: Shadow Step       |       |       |     1 |     1 ||     2
Evoke: Wand              |       |     5 |     4 |     3 ||    12
  Use: Scroll            |       |     2 |     8 |     7 ||    17
       Potion            |       |       |     3 |     4 ||     7
 Stab: Sleeping          |    17 |     7 |    10 |     2 ||    36
       Distracted        |       |     1 |       |       ||     1
Armor: Skin              |     8 |     3 |    98 |     1 ||   110
Dodge: Dodged            |    20 |    60 |   155 |    79 ||   314

Table legend: (Time is in decaauts)
 A = Elapsed time spent in this place.
 B = Non-inter-level travel time spent in this place.
 C = Inter-level travel time spent in this place.
 D = Time resting spent in this place.
 E = Time spent auto-exploring this place.
 F = Levels seen in this place.
 G = Mean time per level.
                   A        B        C        D        E       F      G
               +--------+--------+--------+--------+--------+-----+--------+
         Total |   7981 |   7747 |    234 |    377 |   6119 |   8 |  997.6 |
       Dungeon |   7981 |   7747 |    234 |    377 |   6119 |   8 |  997.6 |
               +--------+--------+--------+--------+--------+-----+--------+

Top non-repeatable levels by time:
     D:4: 1319 daAuts
     D:7: 1192 daAuts
     D:5: 1062 daAuts
     D:2: 1026 daAuts
     D:1: 1020 daAuts
     D:6: 987 daAuts
     D:8: 864 daAuts
     D:3: 506 daAuts
